Map: [ESL] Stargazers

Players

NightMare - Winner!

  • Race: Protoss Protoss
  • Spawn Location: 11:00

Scarlett

  • Race: Zerg Zerg
  • Spawn Location: 1:00

Event: DreamHack SC2 Masters 2022 Atlanta (Offline)

VOD

Have the link to the VOD?

Description

Time

  • Played on: Nov. 19, 2022, 12:14 p.m.
  • Length: 8:47

All games in this series

Show
View Real Time Build Order
Export as new Build Order

NightMare Protoss - Winner!

Build Orders: 1 Gate Expand, Mass Adepts 

Get SALT Encoding   

  12  0:00  Probe  
  13  0:12  Probe  
  14  0:17  Pylon  
  14  0:24  Probe  
  15  0:36  Probe (Chrono Boost)  
  15  0:37  Gateway  
  16  0:47  Probe (Chrono Boost)  
  17  0:50  Assimilator  
  17  0:52  Probe (Chrono Boost)  
  18  1:03  Probe  
  19  1:15  Probe  
  20  1:24  Nexus  
  20  1:32  Cybernetics Core  
  20  1:36  Probe  
  21  1:42  Assimilator  
  21  1:48  Probe  
  21  1:52  Pylon  
  22  2:00  Probe  
  23  2:07  Adept (Chrono Boost)  
  23  2:10  Warp Gate  
  23  2:12  Probe  
  26  2:24  Probe  
  26  2:27  Stalker (Chrono Boost)  
  27  2:35  Twilight Council  
  27  2:36  Probe  
  30  2:38  Probe  
  31  2:48  Probe  
  31  2:50  Robotics Facility, Probe  
  33  3:00  Resonating Glaives (Chrono Boost), Probe  
  33  3:03  Probe  
  35  3:14  Adept, Gateway  
  37  3:22  Gateway  
  37  3:25  Gateway  
  37  3:30  Pylon  
  37  3:36  Warp Prism (Chrono Boost)  
  37  3:41  Probe x2  
  41  3:48  Pylon  
  41  3:53  Probe  
  41  3:54  Probe  
  43  3:59  Adept  
  45  4:05  Probe  
  45  4:06  Probe  
  45  4:09  Adept  
  49  4:11  Observer  
  50  4:20  Probe x2  
  52  4:29  Adept x4  
  60  4:33  Pylon  
  60  4:34  Pylon  
  60  4:35  Probe x2  
  62  4:47  Nexus  
  62  4:54  Adept x3  
  62  4:55  Adept  
  71  5:00  Probe, Assimilator  
  71  5:01  Probe  
  71  5:05  Assimilator  
  72  5:08  Pylon  
  72  5:14  Probe x2  
  72  5:19  Robotics Facility  
  74  5:26  Probe  
  74  5:27  Probe  
  76  5:39  Probe x2  
  76  5:42  Sentry  
  80  5:51  Probe x2, Gateway  
  80  5:53  Gateway, Forge  
  80  5:56  Robotics Bay  
  82  5:58  Immortal (Chrono Boost)  
  82  5:59  Gateway  
  82  6:00  Blink (Chrono Boost)  
  86  6:04  Probe x2  
  86  6:05  Probe  
  86  6:09  Pylon  
  89  6:18  Probe  
  89  6:19  Probe x2  
  89  6:23  Observer  
  92  6:29  Protoss Ground Weapons Level 1  
  92  6:30  Probe  
  92  6:31  Probe x2  
  92  6:32  Assimilator, Pylon  
  95  6:36  Assimilator  
  95  6:43  Probe x3  
  95  6:46  Disruptor (Chrono Boost)  
  101  6:47  Disruptor (Chrono Boost)  
  104  6:55  Probe x2  
  104  6:56  Probe  
  104  6:57  Pylon  
  104  6:58  Pylon  
  107  7:02  Gateway  
  107  7:04  Pylon  
  107  7:12  Disruptor x2 (Chrono Boost)  
  113  7:17  Stalker x2  
  113  7:20  Gateway  
  117  7:23  Stalker x2  
  121  7:30  Pylon  
  121  7:33  Pylon x2  
  121  7:34  Pylon  
  121  7:43  Disruptor  
  124  7:44  Stalker x3  
  124  7:45  Stalker  
  132  7:53  Stalker x3  
  138  8:00  Observer  
  138  8:03  Pylon x2  
  138  8:04  Stalker  
  140  8:12  Stalker  
  136  8:16  Stalker x5  
  140  8:36  Stalker x3  
  140  8:38  Stalker  
  142  8:41  Stalker x2  
  142  8:42  Stalker  
Show
View Real Time Build Order
Export as new Build Order

Scarlett Zerg 

Build Orders: Hatch First 

Get SALT Encoding   

  12  0:00  Drone  
  13  0:12  Overlord  
  13  0:17  Drone  
  14  0:30  Drone x2  
  16  0:47  Hatchery  
  15  0:50  Drone  
  15  0:54  Drone  
  17  0:57  Drone  
  18  1:08  Extractor  
  17  1:12  Spawning Pool  
  17  1:16  Drone  
  17  1:19  Drone  
  18  1:27  Drone  
  19  1:39  Drone  
  20  1:49  Drone  
  21  1:59  Queen x2  
  21  2:00  Zergling x2, Overlord  
  26  2:10  Drone x2  
  26  2:12  Metabolic Boost  
  28  2:21  Drone  
  29  2:23  Drone  
  30  2:31  Hatchery  
  29  2:38  Queen  
  29  2:43  Overlord  
  31  2:45  Drone  
  31  2:47  Drone  
  31  2:51  Zergling x2  
  34  2:55  Zergling x2  
  34  2:57  Zergling x2  
  36  3:01  Queen  
  38  3:08  Drone x4  
  42  3:12  Overlord  
  42  3:17  Drone  
  42  3:18  Drone  
  44  3:27  Overlord  
  44  3:30  Queen  
  44  3:33  Drone  
  47  3:39  Drone  
  48  3:42  Drone x4  
  48  3:46  Drone x4  
  56  3:51  Roach Warren  
  56  3:54  Overlord  
  55  4:01  Overlord x2  
  55  4:05  Zergling x6  
  55  4:09  Overlord  
  58  4:12  Zergling x4  
  58  4:16  Zergling x2  
  61  4:21  Zergling x10  
  65  4:32  Roach x3  
  65  4:33  Roach x3  
  65  4:37  Roach  
  79  4:38  Roach  
  81  4:46  Drone  
  81  4:49  Roach, Overlord x2  
  84  4:53  Drone x5  
  84  4:54  Extractor  
  88  5:02  Overlord  
  88  5:03  Roach  
  88  5:06  Overlord  
  90  5:12  Drone x5  
  95  5:22  Drone x5  
  95  5:26  Extractor  
  99  5:32  Overlord  
  99  5:33  Lair, Drone x7  
  104  5:38  Zergling x2  
  104  5:42  Drone  
  105  5:45  Roach  
  107  5:53  Drone x4  
  111  5:57  Extractor  
  111  5:58  Overlord, Extractor  
  111  5:59  Baneling Nest  
  111  6:00  Overlord x2  
  111  6:01  Roach x4  
  116  6:05  Roach  
  116  6:06  Roach  
  116  6:08  Queen  
  122  6:12  Roach  
  122  6:13  Roach  
  126  6:21  Drone  
  127  6:29  Zergling x2, Hatchery  
  127  6:30  Zergling x20, Glial Reconstitution  
  137  6:48  Extractor  
  137  6:50  Drone  
  137  6:51  Drone x4, Spire  
  137  6:52  Centrifugal Hooks  
  137  6:54  Zergling x6  
  142  6:59  Overseer  
  142  7:14  Drone x9  
  151  7:17  Drone  
  151  7:18  Hatchery  
  151  7:19  Evolution Chamber  
  150  7:27  Drone x4  
  150  7:29  Overlord x7  
  154  7:32  Overseer  
  154  7:43  Zergling x8  
  157  7:48  Baneling x5  
  157  7:49  Zergling x8  
  161  7:59  Extractor  
  161  8:01  Extractor  
  161  8:02  Drone x2  
  161  8:03  Drone x4  
  165  8:10  Zergling x6  
  162  8:16  Zergling x12  
  162  8:19  Baneling  
  160  8:20  Zergling x2  
  160  8:25  Baneling x13  
  162  8:27  Zergling x10  
Tags
 
Add a new tag
Caveats
  • Supply blocks, unpowered buildings, or Contaminate may cause inaccurate times.
  • Supply counts are checked every 10 seconds.